 Dungeon Crawl Stone Soup version 0.29-a0-322-g68df515428 (webtiles) character file.

Game seed: 16154519434368410494

9340 testman the Frost Mage (level 11, -7/86 HPs)
             Began as a Merfolk Ice Elementalist on Apr 6, 2022.
             Was a Priest of Sif Muna.
             Killed from afar by an electric eel (13 damage)
             ... with a bolt of electricity
             ... on level 10 of the Dungeon.
             The game lasted 00:57:27 (13296 turns).

testman the Frost Mage (Merfolk Ice Elementalist)  Turns: 13296, Time: 00:57:30

Health: -7/86      AC: 11    Str: 14    XL:     11   Next: 45%
Magic:  15/21      EV: 16    Int: 19    God:    Sif Muna [***...]
Gold:   567        SH:  6    Dex: 15    Spells: 6/24 levels left

rFire   . . .      SeeInvis .   e - +0 trident
rCold   . . .      Faith    .   v - +1 buckler {AC+3}
rNeg    . . .      Spirit   .   A - +2 robe {Will+}
rPois   .          Reflect  .   Q - +1 helmet
rElec   .          Harm     .   p - +1 cloak
rCorr   .          Rampage  .   f - +1 pair of gloves
Will    +....                   E - +1 pair of boots
Stlth   ++........              (no amulet)
HPRegen 0.24/turn               z - +6 ring of strength
MPRegen 0.17/turn               m - +4 ring of evasion

@: corroded
A: (nimble swimmer 2), mertail
a: Renounce Religion, Channel Magic, Forget Spell


You were on level 10 of the Dungeon.
You worshipped Sif Muna.
Sif Muna was most pleased with you.
You visited 2 branches of the dungeon, and saw 11 of its levels.
You also visited: Sewer.

You collected 567 gold pieces.

Inventory:

Hand Weapons
 e - a +0 trident (weapon)
 q - a +3 quarterstaff of chaos
 D - a +2 dagger of draining
 J - a +2 flail of holy wrath
 K - a +0 glaive
 T - a +8 vorpal hunting sling
Missiles
 a - 11 boomerangs
 c - 394 stones
 t - 5 datura-tipped darts
 w - a throwing net
 N - 19 poisoned darts
Armour
 f - a +1 pair of gloves (worn)
 p - a +1 cloak (worn)
 v - a +1 buckler of protection (worn)
 A - a +2 robe of willpower (worn)
 E - a +1 pair of boots (worn)
 Q - a +1 helmet (worn)
Jewellery
 m - a +4 ring of evasion (right hand)
 y - a ring of fire
 z - a +6 ring of strength (left hand)
 H - a ring of resist corrosion
Wands
 r - a wand of polymorph (14)
 F - a wand of paralysis (8)
 G - a wand of flame (15)
 O - a wand of mindburst (9)
 P - a wand of digging (2)
 R - a wand of iceblast (10)
Scrolls
 d - a scroll of fear
 g - 2 scrolls of amnesia
 o - a scroll of summoning
 s - 3 scrolls of blinking
 M - 4 scrolls of teleportation
 U - a scroll of identify
 V - a scroll of immolation {unknown}
Potions
 b - a potion of magic
 h - 2 potions of heal wounds
 i - a potion of mutation {unknown}
 j - 3 potions of curing
 k - 2 potions of flight
 l - a potion of cancellation {unknown}
 n - 2 potions of berserk rage
 u - a potion of resistance
 x - a potion of haste {unknown}
 B - 2 potions of brilliance {unknown}
 C - 2 potions of might {unknown}
 I - 2 potions of ambrosia {unknown}
 L - 2 potions of invisibility {unknown}
 S - a potion of lignification {unknown}


   Skills:
 + Level 8.0 Fighting
 + Level 7.2 Polearms
 - Level 2.6 Dodging
 - Level 2.1 Stealth
 - Level 4.0 Shields
 - Level 7.0 Spellcasting
 - Level 4.0 Conjurations
 + Level 10.6 Ice Magic
 + Level 7.8 Invocations


You had 6 spell levels left.
You knew the following spells:

 Your Spells              Type           Power      Damage    Failure   Level
a - Freeze                Ice            100%       1d11      1%          1
b - Frozen Ramparts       Ice            94%        1d11      1%          3
c - Ozocubu's Armour      Ice            47%        N/A       1%          3
d - Hailstorm             Conj/Ice       34%        3d9       6%          4
e - Ozocubu's Refrigerat  Ice            23%        4d9       80%         7

Your spell library contained the following spells:

 Spells                   Type           Power      Damage    Failure   Level
 Magic Dart               Conj           84%        1d7       2%          1
 Searing Ray              Conj           42%        2d6       3%          2
 Foxfire                  Conj/Fire      56%        2x1d6     5%          1
 Animate Skeleton         Necr           12%        N/A       13%         1
 Apportation              Tloc           12%        N/A       13%         1
 Slow                     Hex            24%        N/A       13%         1
 Summon Small Mammal      Summ           24%        N/A       13%         1
 Conjure Flame            Conj/Fire      14%        6-21      17%         3
 Dazzling Flash           Conj/Hex       28%        N/A       17%         3
 Corpse Rot               Necr/Air       12%        N/A       19%         2
 Poisonous Vapours        Pois/Air       12%        N/A       19%         2
 Call Canine Familiar     Summ           6%         N/A       36%         3
 Confusing Touch          Hex            6%         N/A       36%         3
 Inner Flame              Hex/Fire       6%         N/A       36%         3
 Summon Guardian Golem    Hex/Summ       6%         N/A       36%         3
 Tukima's Dance           Hex            6%         N/A       36%         3
 Vampiric Draining        Necr           6%         2d6       36%         3
 Flame Wave               Conj/Fire      14%        2d6       50%         4
 Fulminant Prism          Conj/Hex       7%         3d7       50%         4
 Anguish                  Hex/Necr       3%         N/A       77%         4
 Olgreb's Toxic Radiance  Pois           6%         N/A       77%         4
 Agony                    Necr           6%         N/A       98%         5
 Alistair's Intoxication  Tmut/Pois      4%         N/A       98%         5
 Silence                  Hex/Air        3%         N/A       98%         5
 Summon Forest            Summ/Tloc      3%         N/A       98%         5
 Eringya's Noxious Bog    Tmut/Pois      3%         N/A       100%        6
 Enfeeble                 Hex            3%         N/A       100%        7
 Summon Hydra             Summ           3%         N/A       100%        7
 Ignition                 Fire           3%         3d4       100%        8


Dungeon Overview and Level Annotations

Branches:
Dungeon (10/15)            Temple (1/1) D:4            Lair (0/6) D:8
    Orc (0/2) D:10          Sewer (visited)

Altars:
Ashenzari
Dithmenos
Elyvilon
Fedhas
Hepliaklqana
Kikubaaqudgha
Makhleb
Nemelex Xobeh
Okawaru
Qazlal
Ru
Sif Muna
Trog
Uskayaw
Vehumet
Wu Jian
Xom
Yredelemnul
Zin
The Shining One

Shops:
D:1 [   D:7 *   D:10 [[((

Annotations:
D:10 2 runed translucent doors


Innate Abilities, Weirdness & Mutations

((You are very nimble when in or above water. (Stealth+, EV+, Speed+++)))
Your lower body shifts to a powerful aquatic tail in water.


Message History

An acid dragon comes into view.
Casting: Ozocubu's Armour (safe; 1% risk of failure)
Confirm with . or Enter, or press ? or * to list all spells.
Casting: Frozen Ramparts (safe; 1% risk of failure)
Press: ? - help, Dir - look around, f - activate Some shallow water.
The walls around you are covered in ice.
The wall freezes the electric eel.
The electric eel seems to slow down.
The electric eel shoots out a bolt of lightning at you!
The bolt of electricity hits you!
The electric eel shoots out a bolt of lightning at you!
The bolt of electricity hits the electric eel.
The electric eel completely resists.
The bolt of electricity misses you.
You are too injured to fight recklessly!
Casting: Frozen Ramparts (safe; 1% risk of failure)
Confirm with . or Enter, or press ? or * to list all spells.
Aiming: Freeze (safe; 1% risk of failure)
Press: ? - help, Shift-Dir - straight line, f - electric eel
Aim: an electric eel (water, heavily wounded, slow)
You freeze the electric eel!
You kill the electric eel!
Sif Muna accepts your kill.
An electric eel comes into view.
The electric eel shoots out a bolt of lightning at you!
The bolt of electricity hits you.
Okay, then.
Okay, then.
Your icy armour and frozen ramparts will break if you move.
Continue?
Your icy armour cracks and falls away as you move.
The frozen ramparts melt away as you move.
Your +1 pair of boots unmelds from your body.
The electric eel shoots out a bolt of lightning at you!
The bolt of electricity hits you. The acid dragon spits acid at you.
The splash of acid hits you!!
* * * LOW HITPOINT WARNING * * *
The acid corrodes you!
The electric eel shoots out a bolt of lightning at you!
The bolt of electricity hits you!
You die...

≈ ≈≈ #≈≈ ≈≈≈≈###
≈≈≈≈≈≈≈###############
≈≈≈≈SS≈≈≈..@......>..#
≈≈≈≈≈D≈≈≈≈≈#########.#
≈≈≈≈≈≈≈≈≈≈≈≈≈#
#.######
≈≈≈≈≈≈≈≈≈≈≈###
#......# ≈≈≈≈≈≈≈≈≈###
######.# ≈≈≈≈≈≈≈###
#######.# ≈≈≈≈≈≈#
#..[..#∩# ≈≈≈≈##
#.##.##.# ≈≈##
#.##....#


You could see an acid dragon (catching breath) and 2 electric eels.

Vanquished Creatures
  A hydra (D:8)
  Joseph (D:8)
  Psyche (D:8)
  A hornet (D:10)
  Grinder (D:6)
  The ghost of RatsInWalls the Conjurer, an amateur TeCj (D:4)
  Sigmund (D:3)
  2 wyverns
  8 yaks
  A shadow (D:10)
  3 steam dragons
  2 wargs (D:8)
  2 water moccasins
  3 black bears
  Pargi (Sewer)
  6 orc warriors
  2 ice beasts
  An ogre (D:6)
  3 centaurs
  A kobold brigand (D:8)
  Blork the orc (D:6)
  A necrophage (D:5)
  2 gnoll sergeants
  4 bullfrogs
  4 scorpions
  7 wights
  4 howler monkeys
  An electric eel (D:10)
  A crimson imp (D:10)
  A gnoll shaman (D:7)
  A jelly (D:5)
  11 orc priests
  Crazy Yiuf (D:2)
  2 hounds
  3 iguanas
  Natasha (twice) (D:2)
  9 orc wizards
  11 gnolls
  8 adders
  A shadow imp (D:6)
  3 white imps
  5 ufetubi
  3 worms
  A dart slug (D:1)
  47 orcs
  5 endoplasms
  6 giant cockroaches
  4 goblins
  5 hobgoblins
  4 jackals (D:3)
  6 quokkas
  10 ball pythons
  6 bats
  7 frilled lizards
  11 kobolds
  6 rats
246 creatures vanquished.

Vanquished Creatures (collateral kills)
  4 yaks (D:10)
  A vampire (D:10)
  An orc warrior (D:10)
  A centaur (D:10)
  A howler monkey (D:10)
  2 orcs (D:10)
10 creatures vanquished.

Grand Total: 256 creatures vanquished

Notes
Turn   | Place    | Note
-------+----------+-------------------------------------------
     0 | D:1      | testman the Merfolk Ice Elementalist began the quest for
                  | the Orb.
     0 | D:1      | Reached XP level 1. HP: 13/13 MP: 3/3
    63 | D:1      | Found Quc Dul's Armour Shoppe.
   275 | D:1      | Reached XP level 2. HP: 19/19 MP: 1/5
   957 | D:1      | Reached XP level 3. HP: 15/24 MP: 2/6
   961 | D:1      | Learned a level 3 spell: Frozen Ramparts
   965 | D:1      | Learned a level 3 spell: Ozocubu's Armour
  1241 | D:1      | Reached skill level 5 in Ice Magic
  1750 | D:2      | Noticed Natasha
  1760 | D:2      | Killed Natasha
  1761 | D:2      | Reached XP level 4. HP: 26/30 MP: 4/8
  1825 | D:2      | Found a runed translucent door.
  1826 | D:2      | Noticed Crazy Yiuf
  1835 | D:2      | Killed Crazy Yiuf
  2241 | D:2      | Noticed Natasha
  2245 | D:2      | Killed Natasha
  2246 | D:2      | Reached XP level 5. HP: 30/35 MP: 6/10
  2511 | D:3      | Found a sacrificial altar of Ru.
  2527 | D:3      | Reached skill level 6 in Ice Magic
  2532 | D:3      | Learned a level 4 spell: Hailstorm
  2826 | D:3      | Reached skill level 1 in Conjurations
  2826 | D:3      | Reached XP level 6. HP: 24/41 MP: 5/12
  3122 | D:3      | Found a faded altar of an unknown god.
  3247 | D:3      | Noticed Sigmund
  3259 | D:3      | Killed Sigmund
  3260 | D:3      | Reached XP level 7. HP: 30/46 MP: 7/13
  3695 | D:4      | Found a runed translucent door.
  3750 | D:4      | Found a glowing drain.
  3757 | Sewer    | Entered a sewer
  3815 | Sewer    | Noticed Pargi
  3837 | Sewer    | Killed Pargi
  4086 | D:4      | Found a glowing golden altar of the Shining One.
  4107 | D:4      | Noticed RatsInWalls's ghost (amateur TeCj)
  4124 | D:4      | Found a staircase to the Ecumenical Temple.
  4129 | Temple   | Entered the Ecumenical Temple
  4633 | D:4      | Found a shadowy altar of Dithmenos.
  4663 | Temple   | Became a worshipper of Sif Muna the Loreminder
  5324 | D:4      | Reached skill level 7 in Ice Magic
  5326 | D:4      | Reached skill level 1 in Fighting
  5326 | D:4      | Reached skill level 1 in Invocations
  5330 | D:4      | Killed RatsInWalls's ghost
  5331 | D:4      | Reached XP level 8. HP: 56/56 MP: 1/14
  5436 | D:5      | Entered Level 5 of the Dungeon
  5652 | D:5      | You fall into a shaft and drop 3 floors!
  5652 | D:8      | Noticed a wyvern
  5681 | D:8      | Killed a wyvern
  5682 | D:8      | Reached skill level 8 in Ice Magic
  5913 | D:8      | Found an ornate altar of the Wu Jian Council.
  5922 | D:8      | Noticed a spectral centipede
  5922 | D:8      | Noticed a spectral black mamba
  5964 | D:7      | Noticed a yak
  5964 | D:7      | Noticed a yak
  5964 | D:7      | Noticed a yak
  5964 | D:7      | Noticed a yak
  5978 | D:6      | Reached * piety under Sif Muna
  5982 | D:6      | Killed a yak
  5983 | D:6      | Reached XP level 9. HP: 40/66 MP: 6/16
  6254 | D:6      | Noticed Grinder
  6306 | D:6      | Reached skill level 1 in Polearms
  6306 | D:6      | Reached skill level 5 in Spellcasting
  6314 | D:6      | Killed Grinder
  6315 | D:6      | Reached skill level 5 in Fighting
  6315 | D:6      | Reached skill level 5 in Invocations
  7137 | D:6      | Reached skill level 9 in Ice Magic
  7780 | D:6      | Noticed Blork the orc
  7800 | D:6      | Killed Blork the orc
  8102 | D:6      | Reached XP level 10. HP: 35/76 MP: 12/18
  8378 | D:7      | Found a burning altar of Makhleb.
  9203 | D:7      | Reached ** piety under Sif Muna
  9240 | D:7      | Found Piupoeme's Assorted Antiques.
  9350 | D:8      | Reached skill level 1 in Shields
  9359 | D:8      | Reached skill level 5 in Polearms
  9422 | D:8      | Found a staircase to the Lair.
  9728 | D:8      | Noticed Joseph
  9733 | D:8      | Noticed a seven-headed hydra
  9919 | D:8      | Killed a seven-headed hydra
  9988 | D:8      | Killed Joseph
 10395 | D:8      | Noticed Psyche
 10407 | D:8      | Killed Psyche
 10408 | D:8      | Reached skill level 10 in Ice Magic
 10684 | D:9      | Reached *** piety under Sif Muna
 10895 | D:9      | Found a basalt altar of Yredelemnul.
 11017 | D:9      | Reached XP level 11. HP: 48/84 MP: 14/21
 11745 | D:9      | Learned a level 7 spell: Ozocubu's Refrigeration
 12182 | D:10     | Entered Level 10 of the Dungeon
 12197 | D:10     | Found Acenuj's Antique Armour Boutique.
 12577 | D:10     | Found a staircase to the Orcish Mines.
 12584 | D:10     | Found Wydargheog's Armour Emporium.
 12673 | D:10     | Found a large runed translucent door.
 12674 | D:10     | Found a large runed translucent door.
 12680 | D:10     | Identified the +4 ring mail "Faowyts" {*Slow +Inv rC-
                  | Slay+5}
 13069 | D:10     | Found Ufua's Antique Weapon Emporium.
 13259 | D:10     | Found Zohacegu's Weapon Shop.
 13296 | D:10     | Killed from afar by an electric eel

Illustrated notes

Levels and vault maps discovered:
D:1:      dpeg_arrival_radiant, layout_basic, serial_shops, shop
D:2:      layout_loops_cross, minmay_pentomino_x4, uniq_natasha,
          uniq_crazy_yiuf_cottage
D:3:      layout_basic, overflow_temple_1_default,
          ebering_ecumenical_altar_mist, uniq_sigmund
D:4:      layout_loops_ring, mainiacjoe_overflow_small_starburst,
          mainiacjoe_overflow_tiny_flanked, temple_statues,
          gup_sewer_entry_bubbles, ebering_ghost_sewer_d,
          minmay_misc_feat_cross, amethyst_killhole
D:5:      layout_rooms, corexii_corridor_pit, hangedman_abyss_or_decor_passed
D:6:      layout_cave_pods, kennysheep_dice, uniq_grinder, uniq_blork_the_orc
D:7:      layout_rooms, mainiacjoe_overflow_catwalk, serial_shops,
          shop_fountains
D:8:      layout_basic, pdpol_wu_jian_five_deadly_venoms,
          erik_lair_orcish_takeover, uniq_psyche, uniq_joseph
D:9:      layout_big_octagon, lemuel_coloured_pillars_altar,
          serial_co_window_serial, co_window_paths_a, co_window_paths_b,
          co_window_paths_a, co_window_paths_a, co_window_of_opportunity_a,
          co_window_paths_c, co_window_corner_cb, co_window_broadway_a,
          co_window_corner_cb, co_window_paths_d, glass_columns_b,
          glass_columns_a, glass_columns_b, glass_columns_b
D:10:     layout_basic, jmf_multi_god_temple2, david_orc_2, serial_shops, shop,
          shop, nicolae_inconvenience_store, shop, minmay_fire_ice_demons
Temple:   eino_temple_water

Skill      XL: |  1  2  3  4  5  6  7  8  9 10 11 |
---------------+----------------------------------+-----
Ice Magic      | 5 6 7 8 9 10 | 10.6
Spellcasting   | 3 4 5 6 7 |  7.0
Conjurations   | 1 3 4 |  4.0
Fighting       | 2 4 5 7 8 |  8.0
Invocations    | 2 4 5 7 |  7.8
Polearms       | 4 6 7 |  7.2
Shields        | 3 4 |  4.0
Dodging        | |  2.6
Stealth        | |  2.1

Action                   |  1- 3 |  4- 6 |  7- 9 | 10-12 || total
-------------------------+-------+-------+-------+-------++-------
Melee: Dagger            |    56 |     3 |       |       ||    59
       Punch             |     1 |       |       |       ||     1
       Quarterstaff      |       |    40 |   126 |       ||   166
       Tailslap          |       |       |     6 |     1 ||     7
       Glaive            |       |       |    84 |    22 ||   106
       Trident           |       |       |       |   237 ||   237
 Fire: Hunting sling     |       |       |       |    27 ||    27
Throw: Dart              |       |       |       |     4 ||     4
       Boomerang         |       |       |       |     1 ||     1
 Cast: Freeze            |    30 |     2 |     2 |     3 ||    37
       Frozen Ramparts   |     1 |     7 |    23 |    42 ||    73
       Ozocubu's Armour  |       |     4 |    10 |    28 ||    42
       Hailstorm         |       |       |     1 |     7 ||     8
  Use: Scroll            |       |       |    10 |     8 ||    18
       Potion            |       |       |     1 |     3 ||     4
 Stab: Sleeping          |     6 |     2 |    10 |     1 ||    19
Armor: Robe              |    15 |    16 |   114 |    89 ||   234
Dodge: Dodged            |    43 |    32 |   189 |   136 ||   400
Block: Buckler           |       |       |       |    56 ||    56

Table legend: (Time is in decaauts)
 A = Elapsed time spent in this place.
 B = Non-inter-level travel time spent in this place.
 C = Inter-level travel time spent in this place.
 D = Time resting spent in this place.
 E = Time spent auto-exploring this place.
 F = Levels seen in this place.
 G = Mean time per level.
                   A        B        C        D        E       F      G
               +--------+--------+--------+--------+--------+-----+--------+
         Total |  13154 |  12452 |    702 |   2251 |   8115 |  12 | 1096.2 |
       Dungeon |  12606 |  11961 |    645 |   2251 |   7708 |  10 | 1260.6 |
        Temple |    324 |    268 |     56 |      0 |    253 |   1 |  324.0 |
         Sewer |    224 |    224 |      0 |      0 |    153 |   1 |  224.0 |
               +--------+--------+--------+--------+--------+-----+--------+

Top non-repeatable levels by time:
     D:6: 1971 daAuts
     D:8: 1653 daAuts
     D:9: 1543 daAuts
     D:1: 1399 daAuts
     D:3: 1344 daAuts
    D:10: 1112 daAuts
     D:7: 1035 daAuts
     D:4: 960 daAuts
     D:2: 959 daAuts
     D:5: 626 daAuts
  Temple: 324 daAuts
   Sewer: 224 daAuts
